WCHLSIM.com - West Coast Hockey League
Dernière mise à jour: 2025-12-07 16:11:59
html PUBLIC "-//W3C//DTD XHTML 1.0 Transitional//EN" "http://www.w3.org/TR/xhtml1/DTD/xhtml1-transitional.dtd"> WCHL - Game 300 - PHOENIX MUSTANGS vs TEXAS TOROS

PHOENIX MUSTANGS vs TEXAS TOROS

Created - 18 novembre 2025 at 22:09

Goals
1 2 3 OT1 T
PHOENIX MUSTANGS 2 1 1 0 4
TEXAS TOROS 2 1 1 1 5
Shots
1 2 3 OT1 T
PHOENIX MUSTANGS 13 11 8 1 33
TEXAS TOROS 10 16 19 5 50

1st period

1. PHOENIX MUSTANGS , Ilya Mikheyev 3 (Jaden Schwartz 6, Taylor Hall 6) at 6:01 (PP)
2. PHOENIX MUSTANGS , Oskar Back 2 (Jeff Petry 3, Emil Heineman 4) at 13:50
3. TEXAS TOROS , Tyler Toffoli 7 (Vincent Trocheck 12) at 14:00
4. TEXAS TOROS , Will Smith 5 (Mikhail Sergachev 16, Frank Vatrano 7) at 19:34

Penalties :
Dougie Hamilton (TEX) for Hooking (Minor) at 5:22

2nd period

5. TEXAS TOROS , Vincent Trocheck 10 (Troy Terry 11, Tyler Toffoli 10) at 5:00
6. PHOENIX MUSTANGS , Taylor Hall 3 (Jaden Schwartz 7, Brandon Montour 7) at 19:08

Penalties :
Christian Wolanin (PHX) for Roughing (Minor) at 7:38, Declan Chisholm (TEX) for High sticking (Minor) at 11:56

3rd period

7. TEXAS TOROS , Tyson Foerster 6 (Logan Cooley 12, Mikhail Sergachev 17) at 8:27
8. PHOENIX MUSTANGS , Boris Katchouk 1 (Brandon Montour 8, Luca Del Bel Belluz 2) at 14:48

Penalties :
No Penalty

Overtime #1

9. TEXAS TOROS , Tyler Toffoli 8 (Vincent Trocheck 13, Dougie Hamilton 7) at 2:44

Penalties :
No Penalty

Goalie Stats

Anton Forsberg (PHX), 45 saves from 50 shots - (0,900), OTL, 0-1-2, 62:45 minutes
Adin Hill (TEX), 29 saves from 33 shots - (0,879), W, 12-4-0, 62:45 minutes

Players Stats for PHOENIX MUSTANGS

Player Name              G  A  P  +/- PIM S  H  SB GA TA FO     MP     PP MP  PK MP  
------------------------------------------------------------------------------------
Alexandre Texier         0  0  0   0  0   4  0  1  0  0  2/11   14:34   0:00   0:00 
Boris Katchouk           1  0  1   0  0   1  3  0  0  0  0/1    14:34   0:00   0:00 
Brandon Montour          0  2  2   2  0   2  3  2  0  0  0/0    24:38   1:14   0:52 
Christian Wolanin        0  0  0  -1  2   0  2  0  0  0  0/0    15:13   0:00   0:00 
Derek Ryan               0  0  0   0  0   1  1  1  0  0  8/14    9:06   0:00   0:00 
Emil Heineman            0  1  1  -1  0   3  4  0  0  0  0/2    18:17   1:23   0:00 
Ilya Mikheyev            1  0  1  -1  0   2  1  0  0  0  1/2    18:40   1:15   0:57 
Jaden Schwartz           0  2  2  -1  0   7  1  2  0  0  1/3    25:50   1:15   0:00 
Jakub Vrana              0  0  0   0  0   0  0  0  0  0  0/1     9:22   0:00   0:16 
Jeff Petry               0  1  1   1  0   0  2  4  0  0  0/0    24:09   1:14   0:52 
John Klingberg           0  0  0   0  0   0  0  0  0  0  0/0     0:18   0:00   0:00 
Juuso Parssinen          0  0  0   0  0   4  0  1  0  0  8/22   19:11   1:23   0:57 
Luca Del Bel Belluz      0  1  1   0  0   1  0  1  0  0  1/3    15:40   0:00   0:00 
Mathew Dumba             0  0  0  -1  0   0  0  2  0  0  0/0    15:14   0:00   0:00 
Michael Kesselring       0  0  0  -2  0   2  0  3  0  0  0/0    21:36   1:24   1:07 
Nick Seeler              0  0  0  -2  0   0  2  1  0  0  0/0    21:36   1:24   1:07 
Oskar Back               1  0  1  -1  0   2  0  1  0  0  2/5    19:03   1:23   0:46 
Taylor Hall              1  1  2  -1  0   4  2  0  0  0  15/30  19:14   1:15   1:02 

Players Stats for TEXAS TOROS

Player Name              G  A  P  +/- PIM S  H  SB GA TA FO     MP     PP MP  PK MP  
------------------------------------------------------------------------------------
Cavan Fitzgerald         0  0  0   0  0   0  2  1  0  0  0/0    16:26   0:00   1:08 
Colin Blackwell          0  0  0  -3  0   0  0  0  0  0  6/17    7:00   0:00   2:01 
Declan Chisholm          0  0  0   0  2   0  0  0  0  0  0/0    15:40   0:00   0:23 
Dougie Hamilton          0  1  1   1  2   2  1  2  0  0  0/0    25:57   1:06   1:07 
Erik Johnson             0  0  0   1  0   0  1  0  0  0  0/0    17:35   0:00   0:00 
Frank Vatrano            0  1  1   1  0   6  2  0  0  0  0/0    15:48   0:00   2:01 
Logan Cooley             0  1  1   1  0   3  0  1  0  0  13/20  20:09   0:53   0:00 
Mikhail Sergachev        0  2  2   0  0   1  1  9  0  0  0/0    26:36   1:06   1:30 
Miles Wood               0  0  0  -3  0   1  1  0  0  0  0/1     4:59   0:00   0:00 
Philip Broberg           0  0  0   1  0   0  1  0  0  0  0/0    19:36   0:53   1:08 
Ryan Poehling            0  0  0   1  0   0  0  0  0  0  12/19  15:17   0:53   0:37 
Taylor Raddysh           0  0  0  -3  0   2  0  0  0  0  0/1     4:59   0:00   0:00 
Trevor Zegras            0  0  0   1  0   5  0  0  0  0  0/0    19:09   0:53   0:00 
Troy Terry               0  1  1   2  0   4  1  0  0  0  0/1    21:04   1:06   0:37 
Tyler Toffoli            2  1  3   3  0   9  0  1  0  0  1/2    20:59   0:53   0:00 
Tyson Foerster           1  0  1   1  0   11 1  0  0  0  0/2    19:22   1:06   0:00 
Vincent Trocheck         1  2  3   3  0   5  4  0  0  0  23/30  21:12   1:06   0:00 
Will Smith               1  0  1   1  0   1  0  0  0  0  1/1    13:47   0:00   0:00 

3 Stars

1 - Tyler Toffoli (TEX)
2 - Vincent Trocheck (TEX)
3 - Brandon Montour (PHX)

Power Play

PHOENIX MUSTANGS - 1 on 2 Attempt(s) - 50,00%
TEXAS TOROS - 0 on 1 Attempt(s) - 0,00%

Penalty Kill

PHOENIX MUSTANGS - 1 on 1 Attempt(s) - 100,00% - Score 0 goal in Penalty Kill
TEXAS TOROS - 1 on 2 Attempt(s) - 50,00% - Score 0 goal in Penalty Kill

Team Stat

PHOENIX MUSTANGS - Hits : 21 - Faceoff Wins : 38 - Blocked Shots : 19 - Penalty Minutes : 2
TEXAS TOROS - Hits : 15 - Faceoff Wins : 56 - Blocked Shots : 14 - Penalty Minutes : 4

Official

Referees : Jim Curtin and Kyle Rehman
Linesman : Travis Gawryletz and Jim Harper

Game Notes

No Game Note

Finance

Level 1 -- Attendance: 6349 (97,68%) -- Ticket Income 1 079 330 $
Level 2 -- Attendance: 5500 (100,00%) -- Ticket Income 660 000 $
Level 3 -- Attendance: 2416 (80,53%) -- Ticket Income 217 440 $
Level 4 -- Attendance: 4803 (96,06%) -- Ticket Income 288 180 $
Luxury Box -- Attendance: 673 (67,30%) -- Ticket Income 269 200 $
Game was played at the Red Bull Arena.
Total Attendance: 19741 (94,00%)
Total Ticket Income: 2 514 150 $
Other Expense: 25 142 $
Total Income: 2 489 008 $

PHOENIX MUSTANGS

5 vs 5 Forward 
   Center                   Left Wing                Right Wing               Time % Phy DF OF 
 1 Taylor Hall              Jaden Schwartz           Ilya Mikheyev            36     1   2  2  
 2 Juuso Parssinen          Oskar Back               Emil Heineman            31     1   2  2  
 3 Derek Ryan               Jakub Vrana              Jaden Schwartz           23     1   2  2  
 4 Alexandre Texier         Boris Katchouk           Luca Del Bel Belluz      10     1   2  2  

5 vs 5 Defense 
   Defense                  Defense                                           Time % Phy DF OF 
 1 Brandon Montour          Jeff Petry                                        36     1   2  2  
 2 Nick Seeler              Michael Kesselring                                31     1   2  2  
 3 Mathew Dumba             Christian Wolanin                                 23     1   2  2  
 4 Brandon Montour          Jeff Petry                                        10     1   2  2  

PowerPlay Forward 
   Center                   Left Wing                Right Wing               Time % Phy DF OF 
 1 Taylor Hall              Jaden Schwartz           Ilya Mikheyev            55     1   2  2  
 2 Juuso Parssinen          Oskar Back               Emil Heineman            45     1   2  2  

PowerPlay Defense
   Defense                  Defense                                           Time % Phy DF OF 
 1 Brandon Montour          Jeff Petry                                        55     1   2  2  
 2 Nick Seeler              Michael Kesselring                                45     1   2  2  

Penalty Kill 4 Players Forward 
   Center                   Wing                     Time % Phy DF OF 
 1 Oskar Back               Taylor Hall              55     1   2  2  
 2 Ilya Mikheyev            Juuso Parssinen          45     1   2  2  

Penalty Kill 4 Players Defense
   Defense                  Defense                  Time % Phy DF OF 
 1 Brandon Montour          Jeff Petry               55     1   2  2  
 2 Nick Seeler              Michael Kesselring       45     1   2  2  

Penalty Kill - 3 Players Forward 
   Forward                                           Time % Phy DF OF 
 1 Ilya Mikheyev                                     55     1   2  2  
 2 Taylor Hall                                       45     1   2  2  

Penalty Kill - 3 Players Defense
   Defense                  Defense                  Time % Phy DF OF 
 1 Brandon Montour          Jeff Petry               55     1   2  2  
 2 Nick Seeler              Michael Kesselring       45     1   2  2  

4 vs 4 Forward 
   Center                   Wing                     Time % Phy DF OF 
 1 Derek Ryan               Taylor Hall              55     1   2  2  
 2 Ilya Mikheyev            Juuso Parssinen          45     1   2  2  

4 vs 4 Defense
   Defense                  Defense                  Time % Phy DF OF 
 1 Brandon Montour          Jeff Petry               55     1   2  2  
 2 Nick Seeler              Michael Kesselring       45     1   2  2  

Last Minutes Offensive
   Center                   Left Wing                Right Wing               Defense                  Defense                  
   Taylor Hall              Jaden Schwartz           Ilya Mikheyev            Brandon Montour          Jeff Petry               

Last Minutes Defensive
   Center                   Left Wing                Right Wing               Defense                  Defense                  
   Taylor Hall              Jaden Schwartz           Ilya Mikheyev            Brandon Montour          Jeff Petry               

Goaltenders
Starting : Anton Forsberg           
Backup : Alex Lyon                

Extra Forwards
Normal : Luca Del Bel Belluz, Derek Ryan, Jakub Vrana - PP : Luca Del Bel Belluz, Derek Ryan - PK : Jakub Vrana
Extra Defensemen
Normal : Mathew Dumba, Christian Wolanin, Nick Seeler - PP : Mathew Dumba - PK : Christian Wolanin, Nick Seeler
Penalty Shots
Jakub Vrana, Taylor Hall, Ilya Mikheyev, Juuso Parssinen, Oskar Back
Custom OT Lines Forwards
Luca Del Bel Belluz, Taylor Hall, Ilya Mikheyev, Juuso Parssinen, Oskar Back, Emil Heineman, Derek Ryan, Jakub Vrana, Alexandre Texier, Jaden Schwartz
Custom OT Lines Defensemen
Brandon Montour, Jeff Petry, Nick Seeler, Michael Kesselring, Mathew Dumba

Scratches
Andreas Athanasiou (Healthy), Conor Sheary (Healthy), Travis Boyd (Healthy), John Gibson (Herniated Disc Injury)

TEXAS TOROS

5 vs 5 Forward 
   Center                   Left Wing                Right Wing               Time % Phy DF OF 
 1 Vincent Trocheck         Tyler Toffoli            Troy Terry               33     1   2  2  
 2 Logan Cooley             Tyson Foerster           Trevor Zegras            33     1   2  2  
 3 Ryan Poehling            Frank Vatrano            Will Smith               24     1   2  2  
 4 Colin Blackwell          Taylor Raddysh           Miles Wood               10     1   2  2  

5 vs 5 Defense 
   Defense                  Defense                                           Time % Phy DF OF 
 1 Mikhail Sergachev        Dougie Hamilton                                   36     1   2  2  
 2 Erik Johnson             Philip Broberg                                    31     1   2  2  
 3 Cavan Fitzgerald         Declan Chisholm                                   23     1   2  2  
 4 Mikhail Sergachev        Dougie Hamilton                                   10     1   2  2  

PowerPlay Forward 
   Center                   Left Wing                Right Wing               Time % Phy DF OF 
 1 Vincent Trocheck         Tyson Foerster           Troy Terry               65     1   1  3  
 2 Logan Cooley             Tyler Toffoli            Trevor Zegras            35     1   1  3  

PowerPlay Defense
   Defense                  Defense                                           Time % Phy DF OF 
 1 Mikhail Sergachev        Dougie Hamilton                                   65     1   1  3  
 2 Ryan Poehling            Philip Broberg                                    35     1   1  3  

Penalty Kill 4 Players Forward 
   Center                   Wing                     Time % Phy DF OF 
 1 Colin Blackwell          Frank Vatrano            55     1   2  2  
 2 Ryan Poehling            Troy Terry               45     1   2  2  

Penalty Kill 4 Players Defense
   Defense                  Defense                  Time % Phy DF OF 
 1 Mikhail Sergachev        Dougie Hamilton          55     1   2  2  
 2 Cavan Fitzgerald         Philip Broberg           45     1   2  2  

Penalty Kill - 3 Players Forward 
   Forward                                           Time % Phy DF OF 
 1 Colin Blackwell                                   55     1   2  2  
 2 Ryan Poehling                                     45     1   2  2  

Penalty Kill - 3 Players Defense
   Defense                  Defense                  Time % Phy DF OF 
 1 Mikhail Sergachev        Dougie Hamilton          55     1   2  2  
 2 Cavan Fitzgerald         Philip Broberg           45     1   2  2  

4 vs 4 Forward 
   Center                   Wing                     Time % Phy DF OF 
 1 Trevor Zegras            Tyler Toffoli            55     1   2  2  
 2 Logan Cooley             Troy Terry               45     1   2  2  

4 vs 4 Defense
   Defense                  Defense                  Time % Phy DF OF 
 1 Mikhail Sergachev        Dougie Hamilton          55     1   2  2  
 2 Ryan Poehling            Philip Broberg           45     1   2  2  

Last Minutes Offensive
   Center                   Left Wing                Right Wing               Defense                  Defense                  
   Vincent Trocheck         Tyler Toffoli            Troy Terry               Mikhail Sergachev        Dougie Hamilton          

Last Minutes Defensive
   Center                   Left Wing                Right Wing               Defense                  Defense                  
   Vincent Trocheck         Tyler Toffoli            Troy Terry               Mikhail Sergachev        Dougie Hamilton          

Goaltenders
Starting : Adin Hill                
Backup : Joel Blomqvist           

Extra Forwards
Normal : Ryan Poehling, Will Smith, Frank Vatrano - PP : Ryan Poehling, Will Smith - PK : Frank Vatrano
Extra Defensemen
Normal : Erik Johnson, Declan Chisholm, Cavan Fitzgerald - PP : Erik Johnson - PK : Declan Chisholm, Cavan Fitzgerald
Penalty Shots
Vincent Trocheck, Tyler Toffoli, Logan Cooley, Troy Terry, Tyson Foerster
Custom OT Lines Forwards
Vincent Trocheck, Tyler Toffoli, Logan Cooley, Troy Terry, Tyson Foerster, Ryan Poehling, Trevor Zegras, Will Smith, Frank Vatrano, Taylor Raddysh
Custom OT Lines Defensemen
Mikhail Sergachev, Dougie Hamilton, Cavan Fitzgerald, Philip Broberg, Erik Johnson

Scratches
Owen Power (Broken Bone (Left Ankle) Injury)

% Time on Ice - PHOENIX MUSTANGS

Lines # - Real PCT - Wanted PCT - Time Play
Normal Forward
1 - 28% - 36% - 15:29
2 - 29% - 31% - 16:14
3 - 16% - 23% - 9:06
4 - 26% - 10% - 14:34
Normal Defense
1 - 31% - 36% - 17:05
2 - 34% - 31% - 19:05
3 - 28% - 23% - 15:14
4 - 7% - 10% - 3:59
PP Forward
1 - 47% - 55% - 1:15
2 - 53% - 45% - 1:23
PP Defense
1 - 47% - 55% - 1:14
2 - 53% - 45% - 1:24
PK Forward
1 - 52% - 55% - 1:02
2 - 48% - 45% - 0:57
PK Defense
1 - 44% - 55% - 0:52
2 - 56% - 45% - 1:07
PK3 Forward
1 - 0% - 55%
2 - 0% - 45%
PK3 Defense
1 - 0% - 55%
2 - 0% - 45%
44 Forward
1 - 0% - 55%
2 - 0% - 45%
44 Defense
1 - 0% - 55%
2 - 0% - 45%
Last Minute Offensive  - 0:00
Last Minute Defensive  - 0:00
Total
Forward - 60:00
Defense - 60:00

% Time on Ice - TEXAS TOROS

Lines # - Real PCT - Wanted PCT - Time Play
Normal Forward
1 - 33% - 33% - 18:21
2 - 33% - 33% - 18:16
3 - 25% - 24% - 13:47
4 - 9% - 10% - 4:59
Normal Defense
1 - 34% - 36% - 18:56
2 - 32% - 31% - 17:35
3 - 28% - 23% - 15:18
4 - 6% - 10% - 3:34
PP Forward
1 - 55% - 65% - 1:06
2 - 45% - 35% - 0:53
PP Defense
1 - 55% - 65% - 1:06
2 - 45% - 35% - 0:53
PK Forward
1 - 77% - 55% - 2:01
2 - 23% - 45% - 0:37
PK Defense
1 - 57% - 55% - 1:30
2 - 43% - 45% - 1:08
PK3 Forward
1 - 0% - 55%
2 - 0% - 45%
PK3 Defense
1 - 0% - 55%
2 - 0% - 45%
44 Forward
1 - 0% - 55%
2 - 0% - 45%
44 Defense
1 - 0% - 55%
2 - 0% - 45%
Last Minute Offensive  - 0:00
Last Minute Defensive  - 0:00
Total
Forward - 60:00
Defense - 60:00

Play-by-Play

1st period


0:01 of 1st period - Vincent Trocheck wins face-off versus Taylor Hall in neutral zone.
0:06 of 1st period - Brandon Montour is hit by Vincent Trocheck.
0:46 of 1st period - Shot by Vincent Trocheck.
0:46 of 1st period - Shot Hit the Post.
0:48 of 1st period - Shot by Tyler Toffoli.
0:48 of 1st period - Shot Misses the Net.
1:15 of 1st period - Off-side.
1:16 of 1st period - Ryan Poehling wins face-off versus Juuso Parssinen in neutral zone.
1:39 of 1st period - Shot by Frank Vatrano.
1:39 of 1st period - Stopped by Anton Forsberg with a rebound.
1:41 of 1st period - Shot by Frank Vatrano.
1:41 of 1st period - Stopped by Anton Forsberg without a rebound.
1:42 of 1st period - Logan Cooley wins face-off versus Alexandre Texier in PHOENIX MUSTANGS zone.
2:01 of 1st period - Shot by Alexandre Texier.
2:01 of 1st period - Stopped by Adin Hill with a rebound.
2:03 of 1st period - Shot by Alexandre Texier.
2:03 of 1st period - Shot Blocked by Logan Cooley.
2:15 of 1st period - Luca Del Bel Belluz is hit by Tyson Foerster and loses puck.
2:33 of 1st period - Icing by Philip Broberg.
2:34 of 1st period - Oskar Back wins face-off versus Logan Cooley in TEXAS TOROS zone.
3:04 of 1st period - Shot by Oskar Back.
3:04 of 1st period - Stopped by Adin Hill without a rebound.
3:05 of 1st period - Derek Ryan wins face-off versus Colin Blackwell in TEXAS TOROS zone.
3:32 of 1st period - Shot by Jaden Schwartz.
3:32 of 1st period - Shot Blocked by Mikhail Sergachev.
3:34 of 1st period - Shot by Jakub Vrana.
3:34 of 1st period - Shot Blocked by Mikhail Sergachev.
3:36 of 1st period - Shot by Brandon Montour.
3:36 of 1st period - Shot Blocked by Mikhail Sergachev.
3:38 of 1st period - Shot by Derek Ryan.
3:38 of 1st period - Shot Misses the Net.
3:40 of 1st period - Shot by Jeff Petry.
3:40 of 1st period - Shot Misses the Net.
3:42 of 1st period - Shot by Brandon Montour.
3:42 of 1st period - Shot Misses the Net.
3:44 of 1st period - Shot by Brandon Montour.
3:44 of 1st period - Shot Blocked by Mikhail Sergachev.
3:51 of 1st period - Icing by Dougie Hamilton.
3:52 of 1st period - Juuso Parssinen wins face-off versus Taylor Raddysh in TEXAS TOROS zone.
4:01 of 1st period - Shot by Emil Heineman.
4:01 of 1st period - Shot Misses the Net.
4:05 of 1st period - Shot by Juuso Parssinen.
4:05 of 1st period - Shot Blocked by Mikhail Sergachev.
4:09 of 1st period - Shot by Michael Kesselring.
4:09 of 1st period - Stopped by Adin Hill without a rebound.
4:10 of 1st period - Ryan Poehling wins face-off versus Alexandre Texier in TEXAS TOROS zone.
4:14 of 1st period - Off-side.
4:15 of 1st period - Vincent Trocheck wins face-off versus Jaden Schwartz in neutral zone.
4:38 of 1st period - Shot by Taylor Hall.
4:38 of 1st period - Shot Misses the Net.
4:40 of 1st period - Shot by Taylor Hall.
4:40 of 1st period - Shot Misses the Net.
4:42 of 1st period - Shot by Ilya Mikheyev.
4:42 of 1st period - Deflect By Jaden Schwartz.
4:42 of 1st period - Shot Misses the Net.
4:44 of 1st period - Shot by Taylor Hall.
4:44 of 1st period - Stopped by Adin Hill without a rebound.
4:45 of 1st period - Ryan Poehling wins face-off versus Juuso Parssinen in TEXAS TOROS zone.
4:53 of 1st period - Frank Vatrano is hit by Brandon Montour and loses puck.
5:05 of 1st period - Shot by Emil Heineman.
5:05 of 1st period - Stopped by Adin Hill without a rebound.
5:06 of 1st period - Derek Ryan wins face-off versus Vincent Trocheck in TEXAS TOROS zone.
5:13 of 1st period - Shot by Jaden Schwartz.
5:13 of 1st period - Shot Misses the Net.
5:22 of 1st period - Minor Penalty to Dougie Hamilton for Hooking.
5:23 of 1st period - Juuso Parssinen wins face-off versus Colin Blackwell in TEXAS TOROS zone.
5:23 of 1st period - Juuso Parssinen is hit by Philip Broberg.
5:41 of 1st period - Shot by Brandon Montour.
5:41 of 1st period - Stopped by Adin Hill without a rebound.
5:42 of 1st period - Colin Blackwell wins face-off versus Taylor Hall in TEXAS TOROS zone.
5:42 of 1st period - Colin Blackwell is hit by Taylor Hall.
5:49 of 1st period - Icing by Jaden Schwartz.
5:50 of 1st period - Taylor Hall wins face-off versus Colin Blackwell in PHOENIX MUSTANGS zone.
5:59 of 1st period - Shot by Ilya Mikheyev.
5:59 of 1st period - Deflect By Jaden Schwartz.
5:59 of 1st period - Stopped by Adin Hill with a rebound.
6:01 of 1st period - Shot by Ilya Mikheyev.
6:01 of 1st period - Goal by Ilya Mikheyev - PHOENIX MUSTANGS : 1 - TEXAS TOROS : 0.
6:02 of 1st period - Vincent Trocheck wins face-off versus Emil Heineman in neutral zone.
6:02 of 1st period - Vincent Trocheck is hit by Emil Heineman.
6:39 of 1st period - Icing by Emil Heineman.
6:40 of 1st period - Ryan Poehling wins face-off versus Juuso Parssinen in PHOENIX MUSTANGS zone.
6:57 of 1st period - Shot by Frank Vatrano.
6:57 of 1st period - Shot Misses the Net.
7:44 of 1st period - Shot by Jaden Schwartz.
7:44 of 1st period - Shot Misses the Net.
8:13 of 1st period - Shot by Alexandre Texier.
8:13 of 1st period - Stopped by Adin Hill without a rebound.
8:14 of 1st period - Derek Ryan wins face-off versus Logan Cooley in TEXAS TOROS zone.
8:27 of 1st period - Shot by Jaden Schwartz.
8:27 of 1st period - Shot Blocked by Mikhail Sergachev.
8:59 of 1st period - Shot by Alexandre Texier.
8:59 of 1st period - Shot Blocked by Dougie Hamilton.
10:27 of 1st period - Taylor Raddysh is hit by Emil Heineman and loses puck.
11:17 of 1st period - Icing by Mikhail Sergachev.
11:18 of 1st period - Derek Ryan wins face-off versus Ryan Poehling in TEXAS TOROS zone.
11:21 of 1st period - Shot by Jakub Vrana.
11:21 of 1st period - Shot Misses the Net.
11:44 of 1st period - Icing by Christian Wolanin.
11:45 of 1st period - Vincent Trocheck wins face-off versus Derek Ryan in PHOENIX MUSTANGS zone.
11:56 of 1st period - Shot by Vincent Trocheck.
11:56 of 1st period - Shot Blocked by Mathew Dumba.
12:20 of 1st period - Shot by Tyler Toffoli.
12:20 of 1st period - Shot Misses the Net.
12:22 of 1st period - Shot by Vincent Trocheck.
12:22 of 1st period - Shot Misses the Net.
12:24 of 1st period - Shot by Vincent Trocheck.
12:24 of 1st period - Shot Misses the Net.
13:14 of 1st period - Shot by Tyson Foerster.
13:14 of 1st period - Stopped by Anton Forsberg with a rebound.
13:34 of 1st period - Shot by Frank Vatrano.
13:34 of 1st period - Stopped by Anton Forsberg without a rebound.
13:35 of 1st period - Juuso Parssinen wins face-off versus Colin Blackwell in PHOENIX MUSTANGS zone.
13:46 of 1st period - Shot by Emil Heineman.
13:46 of 1st period - Shot Misses the Net.
13:48 of 1st period - Shot by Jeff Petry.
13:48 of 1st period - Shot Misses the Net.
13:50 of 1st period - Shot by Oskar Back.
13:50 of 1st period - Goal by Oskar Back - PHOENIX MUSTANGS : 2 - TEXAS TOROS : 0.
13:51 of 1st period - Vincent Trocheck wins face-off versus Alexandre Texier in neutral zone.
14:00 of 1st period - Shot by Tyler Toffoli.
14:00 of 1st period - Goal by Tyler Toffoli - PHOENIX MUSTANGS : 2 - TEXAS TOROS : 1.
14:01 of 1st period - Juuso Parssinen wins face-off versus Vincent Trocheck in neutral zone.
14:07 of 1st period - Shot by Brandon Montour.
14:07 of 1st period - Shot Misses the Net.
14:09 of 1st period - Shot by Oskar Back.
14:09 of 1st period - Shot Misses the Net.
14:45 of 1st period - Mikhail Sergachev is hit by Brandon Montour and loses puck.
15:30 of 1st period - Shot by Luca Del Bel Belluz.
15:30 of 1st period - Shot Blocked by Tyler Toffoli.
16:01 of 1st period - Shot by Jaden Schwartz.
16:01 of 1st period - Stopped by Adin Hill without a rebound.
16:02 of 1st period - Taylor Hall wins face-off versus Logan Cooley in TEXAS TOROS zone.
16:15 of 1st period - Shot by Taylor Hall.
16:15 of 1st period - Shot Misses the Net.
16:23 of 1st period - Shot by Taylor Hall.
16:23 of 1st period - Shot Misses the Net.
16:25 of 1st period - Shot by Jaden Schwartz.
16:25 of 1st period - Stopped by Adin Hill without a rebound.
16:26 of 1st period - Alexandre Texier wins face-off versus Ryan Poehling in TEXAS TOROS zone.
16:37 of 1st period - Shot by Frank Vatrano.
16:37 of 1st period - Stopped by Anton Forsberg with a rebound.
16:41 of 1st period - Shot by Ryan Poehling.
16:41 of 1st period - Shot Blocked by Jeff Petry.
16:43 of 1st period - Shot by Ryan Poehling.
16:43 of 1st period - Shot Blocked by Brandon Montour.
17:46 of 1st period - Shot by Emil Heineman.
17:46 of 1st period - Stopped by Adin Hill without a rebound.
17:47 of 1st period - Taylor Hall wins face-off versus Colin Blackwell in TEXAS TOROS zone.
17:52 of 1st period - Icing by Colin Blackwell.
17:53 of 1st period - Colin Blackwell wins face-off versus Taylor Hall in TEXAS TOROS zone.
18:04 of 1st period - Colin Blackwell is hit by Taylor Hall.
18:20 of 1st period - Shot by Taylor Raddysh.
18:20 of 1st period - Stopped by Anton Forsberg with a rebound.
18:25 of 1st period - Icing by Michael Kesselring.
18:26 of 1st period - Logan Cooley wins face-off versus Jaden Schwartz in PHOENIX MUSTANGS zone.
18:31 of 1st period - Shot by Trevor Zegras.
18:31 of 1st period - Stopped by Anton Forsberg with a rebound.
19:34 of 1st period - Shot by Will Smith.
19:34 of 1st period - Goal by Will Smith - PHOENIX MUSTANGS : 2 - TEXAS TOROS : 2.
19:35 of 1st period - Tyler Toffoli wins face-off versus Alexandre Texier in neutral zone.
19:48 of 1st period - Shot by Tyler Toffoli.
19:48 of 1st period - Stopped by Anton Forsberg with a rebound.
Goals for this period are 2 for PHOENIX MUSTANGS vs 2 for TEXAS TOROS.
Shots for this period are 13 for PHOENIX MUSTANGS vs 10 for TEXAS TOROS.

2nd period


0:01 of 2nd period - Taylor Hall wins face-off versus Logan Cooley in neutral zone.
0:26 of 2nd period - Shot by Logan Cooley.
0:26 of 2nd period - Shot Blocked by Jeff Petry.
0:38 of 2nd period - Shot by Logan Cooley.
0:38 of 2nd period - Stopped by Anton Forsberg without a rebound.
0:39 of 2nd period - Ryan Poehling wins face-off versus Emil Heineman in PHOENIX MUSTANGS zone.
0:54 of 2nd period - Shot by Frank Vatrano.
0:54 of 2nd period - Deflect By Will Smith.
0:54 of 2nd period - Shot Blocked by Nick Seeler.
1:01 of 2nd period - Shot by Frank Vatrano.
1:01 of 2nd period - Deflect By Will Smith.
1:01 of 2nd period - Shot Blocked by Oskar Back.
1:03 of 2nd period - Shot by Frank Vatrano.
1:03 of 2nd period - Deflect By Will Smith.
1:03 of 2nd period - Shot Misses the Net.
1:05 of 2nd period - Shot by Frank Vatrano.
1:05 of 2nd period - Stopped by Anton Forsberg without a rebound.
1:06 of 2nd period - Vincent Trocheck wins face-off versus Derek Ryan in PHOENIX MUSTANGS zone.
1:11 of 2nd period - Shot by Vincent Trocheck.
1:11 of 2nd period - Shot Misses the Net.
1:42 of 2nd period - Jaden Schwartz is hit by Vincent Trocheck and loses puck.
2:01 of 2nd period - Shot by Logan Cooley.
2:01 of 2nd period - Shot Misses the Net.
2:42 of 2nd period - Shot by Juuso Parssinen.
2:42 of 2nd period - Stopped by Adin Hill without a rebound.
2:43 of 2nd period - Ryan Poehling wins face-off versus Alexandre Texier in TEXAS TOROS zone.
2:43 of 2nd period - Ryan Poehling is hit by Boris Katchouk.
3:55 of 2nd period - Shot by Vincent Trocheck.
3:55 of 2nd period - Shot Misses the Net.
3:58 of 2nd period - Icing by Jeff Petry.
3:59 of 2nd period - Logan Cooley wins face-off versus Juuso Parssinen in PHOENIX MUSTANGS zone.
4:10 of 2nd period - Shot by Tyson Foerster.
4:10 of 2nd period - Shot Misses the Net.
4:22 of 2nd period - Shot by Juuso Parssinen.
4:22 of 2nd period - Stopped by Adin Hill without a rebound.
4:23 of 2nd period - Vincent Trocheck wins face-off versus Taylor Hall in TEXAS TOROS zone.
4:23 of 2nd period - Troy Terry is hit by Ilya Mikheyev and loses puck.
4:58 of 2nd period - Shot by Troy Terry.
4:58 of 2nd period - Shot Blocked by Jaden Schwartz.
5:00 of 2nd period - Shot by Vincent Trocheck.
5:00 of 2nd period - Goal by Vincent Trocheck - PHOENIX MUSTANGS : 2 - TEXAS TOROS : 3.
5:01 of 2nd period - Logan Cooley wins face-off versus Alexandre Texier in neutral zone.
5:16 of 2nd period - Dougie Hamilton is hit by Boris Katchouk and loses puck.
5:21 of 2nd period - Shot by Alexandre Texier.
5:21 of 2nd period - Shot Blocked by Mikhail Sergachev.
5:23 of 2nd period - Shot by Michael Kesselring.
5:23 of 2nd period - Shot Misses the Net.
5:37 of 2nd period - Shot by Tyson Foerster.
5:37 of 2nd period - Shot Blocked by Michael Kesselring.
6:14 of 2nd period - Icing by Mikhail Sergachev.
6:15 of 2nd period - Logan Cooley wins face-off versus Taylor Hall in TEXAS TOROS zone.
6:23 of 2nd period - Dougie Hamilton is hit by Jeff Petry and loses puck.
6:34 of 2nd period - Shot by Taylor Hall.
6:34 of 2nd period - Stopped by Adin Hill without a rebound.
6:35 of 2nd period - Ryan Poehling wins face-off versus Juuso Parssinen in TEXAS TOROS zone.
6:50 of 2nd period - Shot by Frank Vatrano.
6:50 of 2nd period - Stopped by Anton Forsberg without a rebound.
6:51 of 2nd period - Taylor Hall wins face-off versus Tyler Toffoli in PHOENIX MUSTANGS zone.
6:51 of 2nd period - Taylor Hall is hit by Troy Terry.
7:06 of 2nd period - Jaden Schwartz is hit by Cavan Fitzgerald and loses puck.
7:13 of 2nd period - Shot by Vincent Trocheck.
7:13 of 2nd period - Shot Misses the Net.
7:15 of 2nd period - Shot by Vincent Trocheck.
7:15 of 2nd period - Shot Blocked by Jeff Petry.
7:17 of 2nd period - Shot by Troy Terry.
7:17 of 2nd period - Shot Blocked by Jeff Petry.
7:19 of 2nd period - Shot by Tyler Toffoli.
7:19 of 2nd period - Stopped by Anton Forsberg without a rebound.
7:20 of 2nd period - Ryan Poehling wins face-off versus Juuso Parssinen in PHOENIX MUSTANGS zone.
7:22 of 2nd period - Frank Vatrano is hit by Christian Wolanin and loses puck.
7:33 of 2nd period - Shot by Frank Vatrano.
7:33 of 2nd period - Shot Blocked by Juuso Parssinen.
7:35 of 2nd period - Shot by Ryan Poehling.
7:35 of 2nd period - Shot Misses the Net.
7:38 of 2nd period - Minor Penalty to Christian Wolanin for Roughing.
7:39 of 2nd period - Vincent Trocheck wins face-off versus Oskar Back in PHOENIX MUSTANGS zone.
7:42 of 2nd period - Shot by Tyson Foerster.
7:42 of 2nd period - Stopped by Anton Forsberg without a rebound.
7:43 of 2nd period - Vincent Trocheck wins face-off versus Oskar Back in PHOENIX MUSTANGS zone.
8:17 of 2nd period - Mikhail Sergachev is hit by Jeff Petry and loses puck.
9:06 of 2nd period - Shot by Tyler Toffoli.
9:06 of 2nd period - Stopped by Anton Forsberg without a rebound.
9:07 of 2nd period - Logan Cooley wins face-off versus Ilya Mikheyev in PHOENIX MUSTANGS zone.
9:26 of 2nd period - Shot by Tyler Toffoli.
9:26 of 2nd period - Stopped by Anton Forsberg with a rebound.
9:28 of 2nd period - Shot by Ryan Poehling.
9:28 of 2nd period - Shot Misses the Net.
9:30 of 2nd period - Shot by Tyler Toffoli.
9:30 of 2nd period - Stopped by Anton Forsberg with a rebound.
9:32 of 2nd period - Shot by Ryan Poehling.
9:32 of 2nd period - Shot Blocked by Michael Kesselring.
9:38 of 2nd period - Shot by Trevor Zegras.
9:38 of 2nd period - Stopped by Anton Forsberg without a rebound.
9:39 of 2nd period - Derek Ryan wins face-off versus Colin Blackwell in PHOENIX MUSTANGS zone.
9:39 of 2nd period - Jaden Schwartz is hit by Miles Wood and loses puck.
9:48 of 2nd period - Declan Chisholm is hit by Jaden Schwartz.
10:02 of 2nd period - Shot by Jaden Schwartz.
10:02 of 2nd period - Shot Misses the Net.
10:04 of 2nd period - Shot by Derek Ryan.
10:04 of 2nd period - Stopped by Adin Hill without a rebound.
10:05 of 2nd period - Vincent Trocheck wins face-off versus Luca Del Bel Belluz in TEXAS TOROS zone.
10:24 of 2nd period - Shot by Tyler Toffoli.
10:24 of 2nd period - Stopped by Anton Forsberg without a rebound.
10:25 of 2nd period - Ryan Poehling wins face-off versus Taylor Hall in PHOENIX MUSTANGS zone.
10:31 of 2nd period - Icing by Brandon Montour.
10:32 of 2nd period - Will Smith wins face-off versus Taylor Hall in PHOENIX MUSTANGS zone.
10:33 of 2nd period - Shot by Frank Vatrano.
10:33 of 2nd period - Shot Misses the Net.
11:38 of 2nd period - Off-side.
11:39 of 2nd period - Vincent Trocheck wins face-off versus Juuso Parssinen in neutral zone.
11:55 of 2nd period - Oskar Back is hit by Cavan Fitzgerald and loses puck.
11:56 of 2nd period - Minor Penalty to Declan Chisholm for High sticking.
11:57 of 2nd period - Colin Blackwell wins face-off versus Juuso Parssinen in TEXAS TOROS zone.
12:03 of 2nd period - Icing by Juuso Parssinen.
12:04 of 2nd period - Colin Blackwell wins face-off versus Juuso Parssinen in PHOENIX MUSTANGS zone.
12:25 of 2nd period - Shot by Nick Seeler.
12:25 of 2nd period - Shot Hit the Post.
12:27 of 2nd period - Shot by Juuso Parssinen.
12:27 of 2nd period - Stopped by Adin Hill without a rebound.
12:28 of 2nd period - Taylor Hall wins face-off versus Colin Blackwell in TEXAS TOROS zone.
12:45 of 2nd period - Shot by Ilya Mikheyev.
12:45 of 2nd period - Stopped by Adin Hill without a rebound.
12:46 of 2nd period - Jaden Schwartz wins face-off versus Colin Blackwell in TEXAS TOROS zone.
13:03 of 2nd period - Shot by Brandon Montour.
13:03 of 2nd period - Shot Misses the Net.
13:05 of 2nd period - Shot by Jaden Schwartz.
13:05 of 2nd period - Stopped by Adin Hill without a rebound.
13:06 of 2nd period - Ryan Poehling wins face-off versus Juuso Parssinen in TEXAS TOROS zone.
13:06 of 2nd period - Ryan Poehling is hit by Emil Heineman.
13:09 of 2nd period - Troy Terry is hit by Emil Heineman and loses puck.
13:24 of 2nd period - Shot by Oskar Back.
13:24 of 2nd period - Shot Blocked by Cavan Fitzgerald.
13:26 of 2nd period - Shot by Oskar Back.
13:26 of 2nd period - Shot Misses the Net.
13:32 of 2nd period - Shot by Emil Heineman.
13:32 of 2nd period - Shot Misses the Net.
13:36 of 2nd period - Shot by Michael Kesselring.
13:36 of 2nd period - Shot Misses the Net.
13:38 of 2nd period - Shot by Michael Kesselring.
13:38 of 2nd period - Stopped by Adin Hill without a rebound.
13:39 of 2nd period - Taylor Hall wins face-off versus Ryan Poehling in TEXAS TOROS zone.
13:46 of 2nd period - Shot by Taylor Hall.
13:46 of 2nd period - Stopped by Adin Hill without a rebound.
13:47 of 2nd period - Taylor Hall wins face-off versus Ryan Poehling in TEXAS TOROS zone.
13:48 of 2nd period - Shot by Brandon Montour.
13:48 of 2nd period - Stopped by Adin Hill without a rebound.
13:49 of 2nd period - Taylor Hall wins face-off versus Colin Blackwell in TEXAS TOROS zone.
13:54 of 2nd period - Shot by Ilya Mikheyev.
13:54 of 2nd period - Shot Blocked by Dougie Hamilton.
13:59 of 2nd period - Logan Cooley is hit by Nick Seeler and loses puck.
14:22 of 2nd period - Shot by Tyson Foerster.
14:22 of 2nd period - Stopped by Anton Forsberg with a rebound.
14:47 of 2nd period - Icing by Michael Kesselring.
14:48 of 2nd period - Vincent Trocheck wins face-off versus Alexandre Texier in PHOENIX MUSTANGS zone.
14:49 of 2nd period - Shot by Troy Terry.
14:49 of 2nd period - Shot Blocked by Alexandre Texier.
15:10 of 2nd period - Vincent Trocheck is hit by Nick Seeler.
15:18 of 2nd period - Shot by Vincent Trocheck.
15:18 of 2nd period - Shot Blocked by Michael Kesselring.
15:54 of 2nd period - Icing by Declan Chisholm.
15:55 of 2nd period - Taylor Hall wins face-off versus Ryan Poehling in TEXAS TOROS zone.
17:14 of 2nd period - Shot by Tyson Foerster.
17:14 of 2nd period - Stopped by Anton Forsberg without a rebound.
17:15 of 2nd period - Derek Ryan wins face-off versus Vincent Trocheck in PHOENIX MUSTANGS zone.
17:30 of 2nd period - Shot by Troy Terry.
17:30 of 2nd period - Stopped by Anton Forsberg without a rebound.
17:31 of 2nd period - Logan Cooley wins face-off versus Taylor Hall in PHOENIX MUSTANGS zone.
17:36 of 2nd period - Shot by Tyson Foerster.
17:36 of 2nd period - Stopped by Anton Forsberg without a rebound.
17:37 of 2nd period - Logan Cooley wins face-off versus Juuso Parssinen in PHOENIX MUSTANGS zone.
18:48 of 2nd period - Shot by Vincent Trocheck.
18:48 of 2nd period - Stopped by Anton Forsberg without a rebound.
18:49 of 2nd period - Taylor Hall wins face-off versus Colin Blackwell in PHOENIX MUSTANGS zone.
19:08 of 2nd period - Shot by Taylor Hall.
19:08 of 2nd period - Goal by Taylor Hall - PHOENIX MUSTANGS : 3 - TEXAS TOROS : 3.
19:09 of 2nd period - Vincent Trocheck wins face-off versus Alexandre Texier in neutral zone.
19:22 of 2nd period - Shot by Vincent Trocheck.
19:22 of 2nd period - Shot Misses the Net.
19:32 of 2nd period - Shot by Vincent Trocheck.
19:32 of 2nd period - Shot Misses the Net.
Goals for this period are 1 for PHOENIX MUSTANGS vs 1 for TEXAS TOROS.
Shots for this period are 11 for PHOENIX MUSTANGS vs 16 for TEXAS TOROS.

3rd period


0:01 of 3rd period - Logan Cooley wins face-off versus Taylor Hall in neutral zone.
0:05 of 3rd period - Off-side.
0:06 of 3rd period - Vincent Trocheck wins face-off versus Taylor Hall in neutral zone.
0:23 of 3rd period - Shot by Tyler Toffoli.
0:23 of 3rd period - Shot Misses the Net.
0:25 of 3rd period - Shot by Tyler Toffoli.
0:25 of 3rd period - Shot Misses the Net.
0:27 of 3rd period - Shot by Troy Terry.
0:27 of 3rd period - Shot Misses the Net.
0:51 of 3rd period - Shot by Vincent Trocheck.
0:51 of 3rd period - Shot Misses the Net.
0:53 of 3rd period - Shot by Vincent Trocheck.
0:53 of 3rd period - Shot Misses the Net.
1:11 of 3rd period - Shot by Trevor Zegras.
1:11 of 3rd period - Stopped by Anton Forsberg with a rebound.
1:13 of 3rd period - Shot by Tyson Foerster.
1:13 of 3rd period - Stopped by Anton Forsberg without a rebound.
1:14 of 3rd period - Ryan Poehling wins face-off versus Juuso Parssinen in PHOENIX MUSTANGS zone.
2:13 of 3rd period - Tyson Foerster is hit by Boris Katchouk.
2:25 of 3rd period - Shot by Logan Cooley.
2:25 of 3rd period - Stopped by Anton Forsberg without a rebound.
2:26 of 3rd period - Derek Ryan wins face-off versus Troy Terry in PHOENIX MUSTANGS zone.
2:28 of 3rd period - Icing by Jaden Schwartz.
2:29 of 3rd period - Vincent Trocheck wins face-off versus Jakub Vrana in PHOENIX MUSTANGS zone.
2:30 of 3rd period - Shot by Dougie Hamilton.
2:30 of 3rd period - Stopped by Anton Forsberg without a rebound.
2:31 of 3rd period - Taylor Hall wins face-off versus Logan Cooley in PHOENIX MUSTANGS zone.
2:42 of 3rd period - Shot by Jaden Schwartz.
2:42 of 3rd period - Stopped by Adin Hill without a rebound.
2:43 of 3rd period - Vincent Trocheck wins face-off versus Derek Ryan in TEXAS TOROS zone.
2:52 of 3rd period - Shot by Troy Terry.
2:52 of 3rd period - Stopped by Anton Forsberg without a rebound.
2:53 of 3rd period - Taylor Hall wins face-off versus Tyson Foerster in PHOENIX MUSTANGS zone.
3:28 of 3rd period - Jaden Schwartz is hit by Mikhail Sergachev and loses puck.
3:35 of 3rd period - Shot by Jaden Schwartz.
3:35 of 3rd period - Stopped by Adin Hill without a rebound.
3:36 of 3rd period - Juuso Parssinen wins face-off versus Vincent Trocheck in TEXAS TOROS zone.
3:54 of 3rd period - Oskar Back is hit by Vincent Trocheck and loses puck.
4:53 of 3rd period - Shot by Boris Katchouk.
4:53 of 3rd period - Deflect By Alexandre Texier.
4:53 of 3rd period - Stopped by Adin Hill without a rebound.
4:54 of 3rd period - Ilya Mikheyev wins face-off versus Logan Cooley in TEXAS TOROS zone.
5:17 of 3rd period - Shot by Trevor Zegras.
5:17 of 3rd period - Stopped by Anton Forsberg without a rebound.
5:18 of 3rd period - Derek Ryan wins face-off versus Miles Wood in PHOENIX MUSTANGS zone.
5:38 of 3rd period - Shot by Colin Blackwell.
5:38 of 3rd period - Shot Misses the Net.
5:40 of 3rd period - Shot by Taylor Raddysh.
5:40 of 3rd period - Stopped by Anton Forsberg without a rebound.
5:41 of 3rd period - Oskar Back wins face-off versus Vincent Trocheck in PHOENIX MUSTANGS zone.
5:41 of 3rd period - Oskar Back is hit by Vincent Trocheck.
7:04 of 3rd period - Shot by Logan Cooley.
7:04 of 3rd period - Shot Misses the Net.
7:06 of 3rd period - Shot by Tyson Foerster.
7:06 of 3rd period - Stopped by Anton Forsberg without a rebound.
7:07 of 3rd period - Alexandre Texier wins face-off versus Ryan Poehling in PHOENIX MUSTANGS zone.
7:07 of 3rd period - Alexandre Texier is hit by Frank Vatrano.
7:21 of 3rd period - Shot by Alexandre Texier.
7:21 of 3rd period - Shot Misses the Net.
7:50 of 3rd period - Frank Vatrano is hit by Christian Wolanin and loses puck.
8:03 of 3rd period - Shot by Logan Cooley.
8:03 of 3rd period - Stopped by Anton Forsberg without a rebound.
8:04 of 3rd period - Logan Cooley wins face-off versus Taylor Hall in PHOENIX MUSTANGS zone.
8:27 of 3rd period - Shot by Tyson Foerster.
8:27 of 3rd period - Goal by Tyson Foerster - PHOENIX MUSTANGS : 3 - TEXAS TOROS : 4.
8:28 of 3rd period - Vincent Trocheck wins face-off versus Derek Ryan in neutral zone.
8:51 of 3rd period - Shot by Vincent Trocheck.
8:51 of 3rd period - Stopped by Anton Forsberg without a rebound.
8:52 of 3rd period - Juuso Parssinen wins face-off versus Tyson Foerster in PHOENIX MUSTANGS zone.
8:59 of 3rd period - Shot by Emil Heineman.
8:59 of 3rd period - Stopped by Adin Hill without a rebound.
9:00 of 3rd period - Juuso Parssinen wins face-off versus Logan Cooley in TEXAS TOROS zone.
9:05 of 3rd period - Shot by Juuso Parssinen.
9:05 of 3rd period - Stopped by Adin Hill without a rebound.
9:06 of 3rd period - Taylor Hall wins face-off versus Colin Blackwell in TEXAS TOROS zone.
9:07 of 3rd period - Shot by Jaden Schwartz.
9:07 of 3rd period - Stopped by Adin Hill with a rebound.
9:27 of 3rd period - Shot by Dougie Hamilton.
9:27 of 3rd period - Shot Misses the Net.
10:17 of 3rd period - Shot by Tyson Foerster.
10:17 of 3rd period - Shot Blocked by Brandon Montour.
12:51 of 3rd period - Boris Katchouk is hit by Erik Johnson and loses puck.
13:04 of 3rd period - Shot by Logan Cooley.
13:04 of 3rd period - Shot Misses the Net.
13:06 of 3rd period - Shot by Trevor Zegras.
13:06 of 3rd period - Shot Blocked by Luca Del Bel Belluz.
13:08 of 3rd period - Shot by Tyson Foerster.
13:08 of 3rd period - Stopped by Anton Forsberg without a rebound.
13:09 of 3rd period - Vincent Trocheck wins face-off versus Derek Ryan in PHOENIX MUSTANGS zone.
13:16 of 3rd period - Shot by Vincent Trocheck.
13:16 of 3rd period - Shot Misses the Net.
13:30 of 3rd period - Shot by Troy Terry.
13:30 of 3rd period - Shot Misses the Net.
13:32 of 3rd period - Shot by Declan Chisholm.
13:32 of 3rd period - Shot Blocked by Jaden Schwartz.
13:44 of 3rd period - Shot by Vincent Trocheck.
13:44 of 3rd period - Stopped by Anton Forsberg with a rebound.
13:46 of 3rd period - Shot by Troy Terry.
13:46 of 3rd period - Shot Misses the Net.
14:05 of 3rd period - Shot by Trevor Zegras.
14:05 of 3rd period - Shot Blocked by Mathew Dumba.
14:07 of 3rd period - Shot by Erik Johnson.
14:07 of 3rd period - Shot Misses the Net.
14:17 of 3rd period - Shot by Trevor Zegras.
14:17 of 3rd period - Shot Misses the Net.
14:23 of 3rd period - Shot by Tyson Foerster.
14:23 of 3rd period - Stopped by Anton Forsberg without a rebound.
14:24 of 3rd period - Colin Blackwell wins face-off versus Alexandre Texier in PHOENIX MUSTANGS zone.
14:24 of 3rd period - Colin Blackwell is hit by Brandon Montour.
14:30 of 3rd period - Shot by Dougie Hamilton.
14:30 of 3rd period - Shot Misses the Net.
14:48 of 3rd period - Shot by Boris Katchouk.
14:48 of 3rd period - Goal by Boris Katchouk - PHOENIX MUSTANGS : 4 - TEXAS TOROS : 4.
14:49 of 3rd period - Juuso Parssinen wins face-off versus Ryan Poehling in neutral zone.
14:49 of 3rd period - Juuso Parssinen is hit by Frank Vatrano.
15:01 of 3rd period - Shot by Juuso Parssinen.
15:01 of 3rd period - Shot Misses the Net.
16:41 of 3rd period - Shot by Vincent Trocheck.
16:41 of 3rd period - Stopped by Anton Forsberg without a rebound.
16:42 of 3rd period - Colin Blackwell wins face-off versus Taylor Hall in PHOENIX MUSTANGS zone.
16:43 of 3rd period - Shot by Miles Wood.
16:43 of 3rd period - Stopped by Anton Forsberg without a rebound.
16:44 of 3rd period - Vincent Trocheck wins face-off versus Taylor Hall in PHOENIX MUSTANGS zone.
16:51 of 3rd period - Shot by Troy Terry.
16:51 of 3rd period - Stopped by Anton Forsberg without a rebound.
16:52 of 3rd period - Vincent Trocheck wins face-off versus Derek Ryan in PHOENIX MUSTANGS zone.
16:55 of 3rd period - Shot by Vincent Trocheck.
16:55 of 3rd period - Shot Blocked by Derek Ryan.
17:03 of 3rd period - Vincent Trocheck is hit by Derek Ryan.
17:46 of 3rd period - Icing by Erik Johnson.
17:47 of 3rd period - Vincent Trocheck wins face-off versus Juuso Parssinen in TEXAS TOROS zone.
17:59 of 3rd period - Icing by Philip Broberg.
18:00 of 3rd period - Vincent Trocheck wins face-off versus Boris Katchouk in TEXAS TOROS zone.
18:18 of 3rd period - Alexandre Texier is hit by Dougie Hamilton and loses puck.
18:33 of 3rd period - Shot by Luca Del Bel Belluz.
18:33 of 3rd period - Deflect By Alexandre Texier.
18:33 of 3rd period - Shot Misses the Net.
18:35 of 3rd period - Shot by Alexandre Texier.
18:35 of 3rd period - Stopped by Adin Hill without a rebound.
18:36 of 3rd period - Logan Cooley wins face-off versus Taylor Hall in TEXAS TOROS zone.
18:41 of 3rd period - Shot by Trevor Zegras.
18:41 of 3rd period - Stopped by Anton Forsberg without a rebound.
18:42 of 3rd period - Logan Cooley wins face-off versus Taylor Hall in PHOENIX MUSTANGS zone.
19:02 of 3rd period - Shot by Tyson Foerster.
19:02 of 3rd period - Stopped by Anton Forsberg without a rebound.
19:03 of 3rd period - Ryan Poehling wins face-off versus Juuso Parssinen in PHOENIX MUSTANGS zone.
19:12 of 3rd period - Shot by Frank Vatrano.
19:12 of 3rd period - Shot Misses the Net.
19:20 of 3rd period - Shot by Nick Seeler.
19:20 of 3rd period - Shot Blocked by Mikhail Sergachev.
Goals for this period are 1 for PHOENIX MUSTANGS vs 1 for TEXAS TOROS.
Shots for this period are 8 for PHOENIX MUSTANGS vs 19 for TEXAS TOROS.

Overtime #1


0:01 of 1st overtime period - Luca Del Bel Belluz wins face-off versus Vincent Trocheck in neutral zone.
0:28 of 1st overtime period - Shot by Mikhail Sergachev.
0:28 of 1st overtime period - Stopped by Anton Forsberg without a rebound.
0:29 of 1st overtime period - Taylor Hall wins face-off versus Vincent Trocheck in PHOENIX MUSTANGS zone.
0:34 of 1st overtime period - Shot by Taylor Hall.
0:34 of 1st overtime period - Shot Blocked by Mikhail Sergachev.
0:46 of 1st overtime period - Shot by Ilya Mikheyev.
0:46 of 1st overtime period - Shot Misses the Net.
1:39 of 1st overtime period - Shot by Troy Terry.
1:39 of 1st overtime period - Stopped by Anton Forsberg without a rebound.
1:40 of 1st overtime period - Logan Cooley wins face-off versus Luca Del Bel Belluz in PHOENIX MUSTANGS zone.
2:04 of 1st overtime period - Shot by Luca Del Bel Belluz.
2:04 of 1st overtime period - Stopped by Adin Hill without a rebound.
2:05 of 1st overtime period - Vincent Trocheck wins face-off versus Oskar Back in TEXAS TOROS zone.
2:34 of 1st overtime period - Shot by Dougie Hamilton.
2:34 of 1st overtime period - Stopped by Anton Forsberg with a rebound.
2:38 of 1st overtime period - Shot by Tyler Toffoli.
2:38 of 1st overtime period - Stopped by Anton Forsberg with a rebound.
2:40 of 1st overtime period - Shot by Tyler Toffoli.
2:40 of 1st overtime period - Shot Misses the Net.
2:44 of 1st overtime period - Shot by Tyler Toffoli.
2:44 of 1st overtime period - Goal by Tyler Toffoli - PHOENIX MUSTANGS : 4 - TEXAS TOROS : 5.
Goals for this period are 0 for PHOENIX MUSTANGS vs 1 for TEXAS TOROS.
Shots for this period are 1 for PHOENIX MUSTANGS vs 5 for TEXAS TOROS.


MATTHEW
TKACHUK
TOM
WILSON
JAKE
GUENTZEL